IL
NORFOLK TIDES @ OMAHA STORM CHASERS
06/01/2044
 
TOP OF THE 1ST
Norfolk Tides batting - Pitching for Omaha Storm Chasers : RHP Josh Moncada
Pitching: RHP Josh Moncada
Batting: LHB Hyoji Toda 0-0: Called Strike
0-1: Ball
1-1: Ball
2-1: Ball
3-1: Base on Balls
Batting: LHB Gabe Pace 0-0: Foul Ball, location: 2F
0-1: SINGLE (Groundball, 4D, EV 94.4 MPH)
Hyoji Toda to second
Runner from 2nd tries for 3rd, SAFE, throw by RF made to third
Gabe Pace to second
Batting: RHB Mario Saez 0-0: Foul Ball, location: 2F
0-1: Ball
1-1: Ball
2-1: Swinging Strike
2-2: Ball
3-2: Base on Balls
Batting: RHB Mike Hayward 0-0: Called Strike
0-1: Grounds out, U3 (Groundball, 3L, EV 80.6 MPH)
Hyoji Toda scores
Gabe Pace to third
Batting: LHB Josh Downs 0-0: Ground out U3 (Groundball, 34, EV 101.9 MPH)
Gabe Pace scores
Mario Saez to third
Batting: RHB Tony Logan 0-0: Called Strike
0-1: Ground out 5-3 (Groundball, 56, EV 91.9 MPH)
Top of the 1st over - 2 runs, 1 hit, 0 errors, 1 left on base; Norfolk 2 - Omaha 0
BOTTOM OF THE 1ST
Omaha Storm Chasers batting - Pitching for Norfolk Tides : RHP Ben Knapp
Pitching: RHP Ben Knapp
Batting: RHB Yuichi Takata 0-0: Called Strike
0-1: Ball
1-1: Ball
2-1: Ground out 4-3 (Groundball, 34, EV 90.0 MPH)
Batting: RHB Bob Najar 0-0: SINGLE (Line Drive, 9S, EV 113.1 MPH)
Batting: LHB Sam Britt 0-0: Ball
1-0: Ball
Bob Najar steals 2nd base
2-0: Fly out, F4 (Line Drive, 4, EV 69.4 MPH)
Batting: LHB Roman Downey 0-0: Called Strike
0-1: Foul Ball, location: 2F
0-2: Strikes out swinging
Bottom of the 1st over - 0 runs, 1 hit, 0 errors, 1 left on base; Norfolk 2 - Omaha 0
TOP OF THE 2ND
Norfolk Tides batting - Pitching for Omaha Storm Chasers : RHP Josh Moncada
Batting: LHB Tom Edwards 0-0: SINGLE (Line Drive, 9S, EV 110.0 MPH)
Batting: RHB Sal Espinosa 0-0: Called Strike
0-1: Ball
1-1: Called Strike
1-2: Foul Ball, location: 2F
1-2: Foul Ball, location: 2F
1-2: Foul Ball, location: 2F
1-2: Fielders Choice at 2nd, 1-6 (Groundball, 13S, EV 64.4 MPH)
Batting: RHB Ricky Jimenez 0-0: Ball
1-0: Ball
2-0: SINGLE (Flyball, 9LS, EV 102.5 MPH)
Sal Espinosa to second
Runner from 2nd tries for 3rd, SAFE, no throw by RF
Batting: LHB Hyoji Toda 0-0: Ball
1-0: Ball
2-0: Ball
3-0: Called Strike
3-1: Base on Balls
Ricky Jimenez to second
Batting: LHB Gabe Pace 0-0: Ball
1-0: Fly out, F9 (Flyball, 89S, EV 77.5 MPH)
Batting: RHB Mario Saez 0-0: Ball
1-0: Ball
2-0: Called Strike
2-1: Ball
3-1: Base on Balls
Sal Espinosa scores
Ricky Jimenez to third
Hyoji Toda to second
Batting: RHB Mike Hayward 0-0: Fly out, F9 (Flyball, 9LD, EV 81.2 MPH)
Top of the 2nd over - 1 run, 2 hits, 0 errors, 3 left on base; Norfolk 3 - Omaha 0
BOTTOM OF THE 2ND
Omaha Storm Chasers batting - Pitching for Norfolk Tides : RHP Ben Knapp
Batting: RHB Mikolas Markus 0-0: Called Strike
0-1: Ball
1-1: Foul Ball, location: 2F
1-2: Ball
2-2: Strikes out swinging
Batting: LHB Justin Rupert 0-0: Called Strike
0-1: Ball
1-1: Ball
2-1: Called Strike
2-2: Ball
3-2: Base on Balls
Batting: RHB Chris Cooper 0-0: SINGLE (Line Drive, 89S, EV 108.1 MPH)
Justin Rupert to second
Batting: RHB Nick Ogle 0-0: Ball
1-0: Ball
2-0: Called Strike
2-1: Fly out, F8 (Flyball, 78M, EV 83.8 MPH)
Batting: RHB Jaden Warrior 0-0: Ball
1-0: Ball
2-0: Ball
3-0: Called Strike
3-1: Base on Balls
Justin Rupert to third
Chris Cooper to second
Batting: RHB Yuichi Takata 0-0: Ball
1-0: Ball
2-0: Ball
3-0: Called Strike
3-1: Foul Ball, location: 2F
3-2: Ground out 6-3 (Groundball, P, EV 82.5 MPH)
Bottom of the 2nd over - 0 runs, 1 hit, 0 errors, 3 left on base; Norfolk 3 - Omaha 0
TOP OF THE 3RD
Norfolk Tides batting - Pitching for Omaha Storm Chasers : RHP Josh Moncada
Batting: LHB Josh Downs 0-0: Called Strike
0-1: Foul Ball, location: 2F
0-2: Foul Ball, location: 2F
0-2: Ball
1-2: Fly out, F7 (Flyball, 7S, EV 71.9 MPH)
Batting: RHB Tony Logan 0-0: Foul Ball, location: 2F
0-1: Ball
1-1: Foul Ball, location: 2F
1-2: Ground out 5-3 (Groundball, 5L, EV 88.1 MPH)
Batting: LHB Tom Edwards 0-0: Called Strike
0-1: Ball
1-1: DOUBLE (Flyball, 89XD, EV 109.4 MPH)
Batting: RHB Sal Espinosa 0-0: Ball
1-0: Ground out U3 (Groundball, 3L, EV 91.2 MPH)
Top of the 3rd over - 0 runs, 1 hit, 0 errors, 1 left on base; Norfolk 3 - Omaha 0
BOTTOM OF THE 3RD
Omaha Storm Chasers batting - Pitching for Norfolk Tides : RHP Ben Knapp
Batting: RHB Bob Najar 0-0: Reached on error, E4 (Line Drive, 4, EV 65.0 MPH)
Batting: LHB Sam Britt 0-0: Ball
1-0: Called Strike
Bob Najar steals 2nd base
1-1: Ball
2-1: Foul Ball, location: 2F
2-2: Foul Ball, location: 2F
2-2: Ball
3-2: SINGLE (Groundball, 4D, EV 102.5 MPH)
Bob Najar to third
Runner from 3rd tries for Home, SAFE, throw by CF to home
Batting: LHB Roman Downey 0-0: Called Strike
0-1: Called Strike
0-2: DOUBLE (Groundball, 3L, EV 100.6 MPH)
Sam Britt to third
Batting: RHB Mikolas Markus 0-0: Called Strike
0-1: Foul Ball, location: 2F
0-2: Ball
1-2: Ball
2-2: Foul Ball, location: 2F
2-2: Foul Ball, location: 2F
2-2: Foul Ball, location: 2F
2-2: Ball
3-2: Foul Ball, location: 2F
3-2: Foul Ball, location: 2F
3-2: Fly out, F8 (Flyball, 8RS, EV 86.9 MPH)
Batting: LHB Justin Rupert 0-0: Ball
1-0: SINGLE (Groundball, P, EV 89.4 MPH) (infield hit)
Sam Britt scores
Roman Downey to third
Batting: RHB Chris Cooper 0-0: Foul Ball, location: 2F
0-1: SINGLE (Line Drive, 89S, EV 106.9 MPH)
Roman Downey scores
Justin Rupert to second
Batting: RHB Nick Ogle 0-0: Ball
1-0: Ball
2-0: Grounds into double play, 5-4-3 (Groundball, 56, EV 85.0 MPH)
Bottom of the 3rd over - 3 runs, 4 hits, 1 error, 1 left on base; Norfolk 3 - Omaha 3
TOP OF THE 4TH
Norfolk Tides batting - Pitching for Omaha Storm Chasers : RHP Josh Moncada
Batting: RHB Ricky Jimenez 0-0: Called Strike
0-1: Hit by Pitch
Batting: LHB Hyoji Toda 0-0: Foul Ball, location: 2F
0-1: Ball
1-1: Foul Ball, location: 2F
1-2: Fly out, F8 (Flyball, 8LS, EV 96.9 MPH)
Batting: LHB Gabe Pace 0-0: Called Strike
0-1: Ball
1-1: Foul Ball, location: 2F
1-2: Foul Ball, location: 2F
1-2: SINGLE (Groundball, 6MD, EV 98.1 MPH)
Ricky Jimenez to second
Batting: RHB Mario Saez 0-0: Foul Ball, location: 2F
0-1: SINGLE (Groundball, 5S, EV 63.1 MPH) (infield hit)
Ricky Jimenez to third
Gabe Pace to second
Batting: RHB Mike Hayward 0-0: Grounds into double play, 6-4-3 (Groundball, 6, EV 85.0 MPH)
Top of the 4th over - 0 runs, 2 hits, 0 errors, 2 left on base; Norfolk 3 - Omaha 3
BOTTOM OF THE 4TH
Omaha Storm Chasers batting - Pitching for Norfolk Tides : RHP Ben Knapp
Batting: RHB Jaden Warrior 0-0: Ball
1-0: SINGLE (Groundball, 4MD, EV 101.2 MPH)
Batting: RHB Yuichi Takata 0-0: Foul Ball, location: 2F
0-1: Called Strike
0-2: Ball
1-2: Ball
2-2: Fielders Choice at 2nd, 2-6 (Groundball, 13S, EV 71.2 MPH)
Batting: RHB Bob Najar 0-0: Ball
1-0: Called Strike
1-1: Called Strike
1-2: Foul Ball, location: 2F
1-2: Ball
2-2: Ball
3-2: Strikes out swinging
Batting: LHB Sam Britt 0-0: Called Strike
Yuichi Takata steals 2nd, throwing error, E2
Yuichi Takata to third
0-1: Ball
1-1: Ball
2-1: Swinging Strike
2-2: Strikes out swinging
Bottom of the 4th over - 0 runs, 1 hit, 1 error, 1 left on base; Norfolk 3 - Omaha 3
TOP OF THE 5TH
Norfolk Tides batting - Pitching for Omaha Storm Chasers : RHP Josh Moncada
Batting: LHB Josh Downs 0-0: Called Strike
0-1: Foul Ball, location: 2F
0-2: Ground out 5-3 (Groundball, 56S, EV 93.8 MPH)
Batting: RHB Tony Logan 0-0: SINGLE (Groundball, 56D, EV 96.9 MPH)
Batting: LHB Tom Edwards 0-0: Called Strike
0-1: Swinging Strike
0-2: Foul Ball, location: 2F
0-2: Ball
1-2: Ball
2-2: Ball
3-2: Base on Balls
Tony Logan to second
Batting: RHB Sal Espinosa 0-0: Foul Ball, location: 2F
0-1: Swinging Strike
0-2: Foul Ball, location: 2F
0-2: Ball
1-2: Ball
2-2: Strikes out swinging
Batting: RHB Ricky Jimenez 0-0: Called Strike
0-1: Foul Ball, location: 2F
0-2: Ball
1-2: Foul Ball, location: 2F
1-2: Ball
2-2: Fly out, F5 (Line Drive, 5, EV 66.9 MPH)
Top of the 5th over - 0 runs, 1 hit, 0 errors, 2 left on base; Norfolk 3 - Omaha 3
BOTTOM OF THE 5TH
Omaha Storm Chasers batting - Pitching for Norfolk Tides : RHP Ben Knapp
Batting: LHB Roman Downey 0-0: Ball
1-0: Called Strike
1-1: Ball
2-1: Foul Ball, location: 2F
2-2: Ball
3-2: Base on Balls
Batting: RHB Mikolas Markus 0-0: Fly out, F7 (Line Drive, 7D, EV 95.0 MPH)
Batting: LHB Justin Rupert 0-0: Ball
1-0: Ball
2-0: Foul Ball, location: 2F
2-1: Grounds into double play, 4-6-3 (Groundball, 4, EV 105.0 MPH)
Bottom of the 5th over - 0 runs, 0 hits, 0 errors, 0 left on base; Norfolk 3 - Omaha 3
TOP OF THE 6TH
Norfolk Tides batting - Pitching for Omaha Storm Chasers : RHP Josh Moncada
Batting: LHB Hyoji Toda 0-0: Called Strike
0-1: Ground out 6-3 (Groundball, 4MD, EV 79.4 MPH)
Batting: LHB Gabe Pace 0-0: Ball
1-0: Ball
2-0: Ball
3-0: Called Strike
3-1: Called Strike
3-2: Base on Balls
Pitching: RHP Brian Bright
Batting: RHB Mario Saez 0-0: Called Strike
0-1: Swinging Strike
0-2: Ball
1-2: Foul Ball, location: 2F
1-2: Ball
2-2: Ball
3-2: Foul Ball, location: 2F
3-2: SINGLE (Line Drive, 6M, EV 100.0 MPH)
Gabe Pace to second
Batting: RHB Mike Hayward 0-0: Ball
1-0: Fielders Choice at 2nd, 4-6 (Groundball, 34, EV 109.4 MPH)
Gabe Pace to third
Batting: LHB Josh Downs 0-0: Ball
1-0: Foul Ball, location: 2F
1-1: Called Strike
1-2: Ground out 4-3 (Groundball, 34, EV 77.5 MPH)
Top of the 6th over - 0 runs, 1 hit, 0 errors, 2 left on base; Norfolk 3 - Omaha 3
BOTTOM OF THE 6TH
Omaha Storm Chasers batting - Pitching for Norfolk Tides : RHP Ben Knapp
Batting: RHB Chris Cooper 0-0: Ball
1-0: Called Strike
1-1: Foul Ball, location: 2F
1-2: Ball
2-2: Ball
3-2: Foul Ball, location: 2F
3-2: Strikes out swinging
Batting: RHB Nick Ogle 0-0: Foul Ball, location: 2F
0-1: Foul Ball, location: 2F
0-2: Foul Ball, location: 2F
0-2: Ground out 4-3 (Groundball, 4, EV 85.6 MPH)
Batting: RHB Jaden Warrior 0-0: Ball
1-0: Ball
2-0: SINGLE (Groundball, 4MD, EV 101.9 MPH)
Pitching: RHP Jason Fishman
Pinch Hitting: LHB Sam Ogg 0-0: Ball
1-0: Ball
2-0: Called Strike
2-1: Called Strike
2-2: Ball
3-2: Foul Ball, location: 2F
3-2: Ground out 4-3 (Groundball, 4, EV 84.4 MPH)
Bottom of the 6th over - 0 runs, 1 hit, 0 errors, 1 left on base; Norfolk 3 - Omaha 3
TOP OF THE 7TH
Norfolk Tides batting - Pitching for Omaha Storm Chasers : RHP Brian Bright
Now at SS: Kunimatsu Oya
Batting: RHB Tony Logan 0-0: Ball
1-0: Ball
2-0: Foul Ball, location: 2F
2-1: Swinging Strike
2-2: Strikes out swinging
Batting: LHB Tom Edwards 0-0: Ball
1-0: Called Strike
1-1: Ground out 4-3 (Groundball, 4, EV 105.6 MPH)
Batting: RHB Sal Espinosa 0-0: Ball
1-0: Foul Ball, location: 2F
1-1: Called Strike
1-2: Ball
2-2: Strikes out swinging
Top of the 7th over - 0 runs, 0 hits, 0 errors, 0 left on base; Norfolk 3 - Omaha 3
BOTTOM OF THE 7TH
Omaha Storm Chasers batting - Pitching for Norfolk Tides : RHP Jason Fishman
Batting: RHB Bob Najar 0-0: Ball
1-0: Fly out, F8 (Flyball, 8RM, EV 87.5 MPH)
Batting: LHB Sam Britt 0-0: Ball
1-0: Ball
2-0: Called Strike
2-1: Fly out, F8 (Line Drive, 8LD, EV 89.4 MPH)
Batting: LHB Roman Downey 0-0: Ball
1-0: Ball
2-0: Foul Ball, location: 2F
2-1: Fly out, F7 (Flyball, 7LS, EV 83.8 MPH)
Bottom of the 7th over - 0 runs, 0 hits, 0 errors, 0 left on base; Norfolk 3 - Omaha 3
TOP OF THE 8TH
Norfolk Tides batting - Pitching for Omaha Storm Chasers : RHP Brian Bright
Pitching: RHP Sergio Quinones
Batting: RHB Ricky Jimenez 0-0: Swinging Strike
0-1: Called Strike
0-2: Ball
1-2: Ball
2-2: Ball
3-2: Foul Ball, location: 2F
3-2: Base on Balls
Batting: LHB Hyoji Toda 0-0: Bunted foul
0-1: Bunt missed!
0-2: Ball
1-2: Strikes out swinging
Batting: LHB Gabe Pace 0-0: Ball
1-0: Ball
2-0: Bunted foul
2-1: Sac Bunt to P - play at first, batter OUT! 1-4
Ricky Jimenez to second
Batting: RHB Mario Saez 0-0: Called Strike
0-1: Ball
1-1: Ground out 5-3 (Groundball, 5L, EV 97.5 MPH)
Top of the 8th over - 0 runs, 0 hits, 0 errors, 1 left on base; Norfolk 3 - Omaha 3
BOTTOM OF THE 8TH
Omaha Storm Chasers batting - Pitching for Norfolk Tides : RHP Jason Fishman
Pinch Hitting: LHB Frank Hill 0-0: Ball
1-0: Ball
2-0: Ball
3-0: Called Strike
3-1: Base on Balls
Batting: LHB Justin Rupert 0-0: Bunted foul
0-1: Called Strike
0-2: Strikes out swinging
Batting: RHB Chris Cooper 0-0: Called Strike
0-1: Ball
Frank Hill is caught stealing 2nd base 2-4
1-1: Ball
2-1: Fly out, F8 (Flyball, 8LD, EV 94.4 MPH)
Bottom of the 8th over - 0 runs, 0 hits, 0 errors, 0 left on base; Norfolk 3 - Omaha 3
TOP OF THE 9TH
Norfolk Tides batting - Pitching for Omaha Storm Chasers : RHP Sergio Quinones
Pitching: RHP Joe Jordahl
Now at 3B: Jim Beaver
Batting: RHB Mike Hayward 0-0: Swinging Strike
0-1: Fly out, F7 (Line Drive, 7D, EV 98.8 MPH)
Batting: LHB Josh Downs 0-0: Ball
1-0: Ball
2-0: Called Strike
2-1: Foul Ball, location: 2F
2-2: Fly out, F7 (Flyball, 7LS, EV 91.2 MPH)
Batting: RHB Tony Logan 0-0: Ball
1-0: Ball
2-0: Ball
3-0: Base on Balls
Batting: LHB Tom Edwards 0-0: Foul Ball, location: 2F
0-1: Ball
1-1: Fly out, F6 (Popup, 4MD, EV 46.2 MPH)
Top of the 9th over - 0 runs, 0 hits, 0 errors, 1 left on base; Norfolk 3 - Omaha 3
BOTTOM OF THE 9TH
Omaha Storm Chasers batting - Pitching for Norfolk Tides : RHP Jason Fishman
Pitching: RHP Tony Huete
Batting: RHB Nick Ogle 0-0: Called Strike
0-1: Ball
1-1: Fly out, F9 (Flyball, 9, EV 94.4 MPH)
Pinch Hitting: LHB Ronnie Ashley 0-0: Called Strike
0-1: Ball
1-1: Ball
2-1: Ball
3-1: SINGLE (Groundball, 6S, EV 70.6 MPH) (infield hit)
Pinch Hitting: LHB Ricardo Pagan 0-0: Called Strike
0-1: Ball
1-1: Foul Ball, location: 2F
1-2: Ball
2-2: Grounds into double play, 4-6-3 (Groundball, 4M, EV 99.4 MPH)
Bottom of the 9th over - 0 runs, 1 hit, 0 errors, 0 left on base; Norfolk 3 - Omaha 3
TOP OF THE 10TH
Norfolk Tides batting - Pitching for Omaha Storm Chasers : RHP Joe Jordahl
Now at 2B: Jerry Castillo
Now at SS: Marcos Villalobos
Batting: RHB Sal Espinosa 0-0: Called Strike
0-1: Ball
1-1: Swinging Strike
1-2: Ball
2-2: Ball
3-2: Strikes out swinging
Pinch Hitting: SHB Brian Bentz 0-0: Ground out U3 (Groundball, 3L, EV 87.5 MPH)
Batting: LHB Hyoji Toda 0-0: Called Strike
0-1: Foul Ball, location: 2F
0-2: Foul Ball, location: 2F
0-2: Ball
1-2: Ball
2-2: Ball
3-2: Base on Balls
Batting: LHB Gabe Pace 0-0: Ball
1-0: Ball
2-0: 2-RUN HOME RUN (Flyball, 89XD, EV 106.9 MPH), Distance : 395 ft
Batting: RHB Mario Saez 0-0: Ball
1-0: Foul Ball, location: 2F
1-1: Ball
2-1: Swinging Strike
2-2: Ground out 4-3 (Groundball, 4M, EV 90.0 MPH)
Top of the 10th over - 2 runs, 1 hit, 0 errors, 0 left on base; Norfolk 5 - Omaha 3
BOTTOM OF THE 10TH
Omaha Storm Chasers batting - Pitching for Norfolk Tides : RHP Tony Huete
Now at C: Ashton Holloway
Now at 1B: Brian Bentz
Now in CF: Mike Hayward
Batting: RHB Bob Najar 0-0: Ball
1-0: Ball
2-0: Swinging Strike
2-1: Swinging Strike
2-2: Strikes out swinging
Batting: LHB Sam Britt 0-0: Called Strike
0-1: Swinging Strike
0-2: Ball
1-2: Ball
2-2: Strikes out looking
Batting: LHB Roman Downey 0-0: Ball
1-0: Ball
2-0: Called Strike
2-1: Swinging Strike
2-2: Ball
3-2: Strikes out looking
Bottom of the 10th over - 0 runs, 0 hits, 0 errors, 0 left on base; Norfolk 5 - Omaha 3
Thursday, March 31st , 2022 - OOTP Baseball 22.12 Build 89